 Dungeon Crawl Stone Soup version 0.29-a0-876-gfc89b1a5bd (webtiles) character file.

Game seed: 5763702042743260237

1349 jimonade the Magician (level 8, -3/52 HPs)
             Began as a Djinni Hedge Wizard on July 19, 2022.
             Was a Follower of Hepliaklqana.
             Slain by Grum
             ... wielding a +1 glaive
              (30 damage)
             ... on level 8 of the Dungeon.
             The game lasted 00:25:52 (10197 turns).

jimonade the Magician (Djinni Hedge Wizard)        Turns: 10197, Time: 00:25:53

Health: -3/52      AC:  4    Str:  9    XL:     8   Next: 94%
Gold:   251        EV: 13    Int: 17    God:    Hepliaklqana [*.....] SH:  0 Dex: 14

rFire   + + .      SeeInvis .   G - +4 dagger
rCold   x . .      Faith    .   (no shield)
rNeg    . . .      Spirit   .   b - +0 robe
rPois   ∞          Reflect  .   c - +0 hat
rElec   .          Harm     .   (no cloak)
rCorr   .          Rampage  .   f - +1 pair of gloves
Will    .....                   (boots unavailable)
Stlth   ++........              (no amulet)
HPRegen 0.17/turn               (no ring)
MPRegen 0.00/turn               (no ring)

@: flying, studying Short Blades
A: reduced essence, sickness immunity, fire resistance 2, cold vulnerability 1,
float, innate caster, HP casting, extra vitality 1
a: Renounce Religion, Recall Ancestor, Ancestor Identity


You were on level 8 of the Dungeon.
You worshipped Hepliaklqana.
Hepliaklqana was aware of your devotion.
You visited 1 branch of the dungeon, and saw 7 of its levels.
You also visited: Sewer.

You collected 251 gold pieces.

Inventory:

Hand Weapons
 a - a +0 dagger
 G - a +4 dagger (weapon)
Missiles
 l - 12 poisoned darts
 r - 46 stones
 C - 5 curare-tipped darts
Armour
 b - a +0 robe (worn)
 c - a +0 hat (worn)
 f - a +1 pair of gloves (worn)
 s - a +0 scale mail
 w - the +11 plate armour "Qacosiu" {Contam rC++ Regen+ Dex+3}
   (You found it on level 3 of the Dungeon)

   Dex:       It affects your dexterity (+3).
   rC:        It greatly protects you from cold.
   Contam:    It causes magical contamination when unequipped.
   Regen:     It increases your rate of health regeneration.
 x - the +1 chain mail of Generosity {rElec Str+4}
   (You found it on level 3 of the Dungeon)

   Str:       It affects your strength (+4).
   rElec:     It insulates you from electricity.
 y - a +0 ring mail
Magical Staves
 E - a staff of earth
Wands
 p - a wand of flame (11)
Scrolls
 i - a scroll of noise {unknown}
 k - 8 scrolls of identify
 q - a scroll of blinking {unknown}
 A - a scroll of summoning {unknown}
 B - a scroll of fog {unknown}
 D - a scroll of immolation
 F - a scroll of acquirement {unknown}
 H - a scroll of teleportation
Potions
 d - 3 potions of heal wounds {unknown}
 e - 4 potions of might {unknown}
 g - 2 potions of invisibility {unknown}
 h - 3 potions of brilliance
 j - 2 potions of cancellation {unknown}
 m - 2 potions of magic {unknown}
 n - 4 potions of curing {unknown}
 o - 3 potions of attraction {unknown}
 t - a potion of flight {unknown}
 u - 2 potions of degeneration {unknown}
 v - a potion of resistance {unknown}
 z - 2 potions of mutation {unknown}


   Skills:
 * Level 4.1 Fighting
 * Level 2.8 Armour
 + Level 3.7 Dodging
 - Level 1.5 Stealth
 + Level 6.8 Spellcasting


You had 2 spell levels left.
You knew the following spells:

 Your Spells              Type           Power      Damage    Failure   Level
a - Magic Dart            Conj           100%       1d8       1%          1
b - Blink                 Tloc           56%        N/A       1%          2
c - Call Imp              Summ           28%        N/A       1%          2
d - Slow                  Hex            100%       N/A       1%          1
e - Conjure Flame         Conj/Fire      28%        6-21      2%          3
f - Mephitic Cloud        Conj/Pois/Air  28%        N/A       2%          3
g - Freeze                Ice            100%       1d11      1%          1
h - Searing Ray           Conj           56%        2d6       1%          2
i - Swiftness             Air            28%        N/A       2%          3
Your spell library was empty.

Dungeon Overview and Level Annotations

Branches:
Dungeon (6/15)             Temple (0/1) D:5           Sewer (visited)

Altars:
Ashenzari
Cheibriados
Hepliaklqana
Ru
Uskayaw
Yredelemnul

Annotations:
D:4 exclusion: 2 downstairs
D:8 Grum, Maggie


Innate Abilities, Weirdness & Mutations

Your life essence is reduced to manifest your ancestor. (-10% HP)
You are immune to sickness and miasma.
You are immune to poison.
Your flesh is very heat resistant. (rF++)
You are vulnerable to cold. (rC-)
You float through the air rather than walking.
You learn spells naturally, not from books.
Your magical power is your life essence.
You have superior vitality. (+4 MHP)


Message History

The bullfrog is almost dead.
The bullfrog closely misses Shiptu.
Shiptu misses the bullfrog.
Shiptu avoids your attack.
The searing ray hits the bullfrog.
You kill the bullfrog!
You swap places.
You now have 237 gold pieces (gained 9).
Found a stone staircase leading down.
You now have 241 gold pieces (gained 4).
You now have 251 gold pieces (gained 10).
Found a ring mail.
Found 5 curare-tipped darts.
Found a stone staircase leading up.
A black bear and an orc come into view.
You swap places.
Found 11 gold pieces.
You see here 5 curare-tipped darts.
C - 5 curare-tipped darts A wolf comes into view.
The wolf howls!
The wolf moves out of view.
A wolf comes into view.
Grum the Hunter comes into view.
He is wielding a +1 glaive.
The wolf howls!
A wolf comes into view. x2
The wolf moves out of view.
The wolf bites you!
Shiptu hits the wolf.
The wolf closely misses you. The wolf attacks as you move away!
The wolf barely misses you. The wolf bites you but does no damage.
Grum closely misses you.
Maggie the Vainglorious comes into view.
She is wielding a +1 morningstar of flaming.
You can't go up here!
The wolf bites you. x2; The wolf bites you but does no damage.
The wolf bites you. The wolf bites you but does no damage.
Shiptu hits the wolf but does no damage.
Grum misses you.
There is a stone staircase leading up here.
The wolf barely misses you. The wolf closely misses you. The wolf bites you.
The wolf closely misses you. x2; The wolf bites you but does no damage.
Shiptu closely misses the wolf.
Grum hits you with a +1 glaive!!
Ouch! That really hurt!
You die...

R#..#####.##.........
.###..#.......##...####
## ##..#.....###.......
# #.####...##..#...#.
####..# ##...#.#..#...
...#.## #..#........#
.....# #..##.R..#....
.....# #..# #..hh## .
####..#..# #..#.@.# #
#..$.# #.##hg..# . .###
#.. #...#..# .. #..
..h.##.... ###
......@## #... ..
...... #.. ...###. .#
###. .


You could see the friendly Shiptu the ancestor, Maggie, Grum and 4 wolves.

Vanquished Creatures
  A troll (D:5)
  A black bear (D:5)
  A bullfrog (D:8)
  3 scorpions
  A hound (D:4)
  Jessica (D:3)
  Natasha (thrice) (D:2)
  An orc wizard (D:5)
  21 adders
  6 river rats (Sewer)
  2 shadow imps
  A white imp (D:5)
  4 ufetubi
  17 worms
  3 dart slugs
  5 orcs
  20 ball pythons
  16 endoplasms
  10 giant cockroaches (Sewer)
  3 goblins
  2 hobgoblins
  2 jackals (D:2)
  9 quokkas
  23 bats
  22 frilled lizards
  17 kobolds
  22 rats
217 creatures vanquished.

Vanquished Creatures (collateral kills)
  A water moccasin (D:8)
  An adder (D:2)
2 creatures vanquished.

Vanquished Creatures (others)
  6 fungi (D:5)
6 creatures vanquished.

Grand Total: 225 creatures vanquished

Notes
Turn   | Place    | Note
-------+----------+-------------------------------------------
     0 | D:1      | jimonade the Djinni Hedge Wizard began the quest for the
                  | Orb.
     0 | D:1      | jimonade set off with the following spells memorised: Magic
                  | Dart, Blink, Call Imp, Slow, Conjure Flame, Mephitic Cloud.
     0 | D:1      | Reached XP level 1. HP: 15/15 MP: 0/0
   349 | D:1      | Reached XP level 2. HP: 19/22 MP: 0/0
  1312 | D:2      | Reached XP level 3. HP: 25/26 MP: 0/0
  1312 | D:2      | Learned a level 1 spell: Freeze
  1398 | D:2      | Reached skill level 1 in Fighting
  1398 | D:2      | Reached skill level 3 in Spellcasting
  1962 | D:2      | Noticed Natasha
  1966 | D:2      | Reached XP level 4. HP: 27/32 MP: 0/0
  1984 | D:2      | Killed Natasha
  2205 | D:2      | Noticed Natasha
  2320 | D:2      | Killed Natasha
  2321 | D:2      | Reached XP level 5. HP: 24/38 MP: 0/0
  2321 | D:2      | Learned a level 2 spell: Searing Ray
  2459 | D:2      | Noticed Natasha
  2469 | D:2      | Killed Natasha
  2740 | D:2      | Reached skill level 4 in Spellcasting
  2843 | D:3      | Found a glowing drain.
  2851 | Sewer    | Entered a sewer
  3199 | Sewer    | Reached XP level 6. HP: 29/43 MP: 0/0
  4955 | Sewer    | Reached XP level 7. HP: 44/49 MP: 0/0
  4955 | Sewer    | Learned a level 3 spell: Swiftness
  5715 | Sewer    | Reached skill level 5 in Spellcasting
  6430 | D:3      | Found a snail-covered altar of Cheibriados.
  6805 | D:3      | Identified the +1 chain mail of Generosity {rElec Str+4}
  6852 | D:3      | Identified the +11 plate armour "Qacosiu" {Contam rC++
                  | Regen+ Dex+3}
  6863 | D:3      | Noticed Jessica
  6867 | D:3      | Killed Jessica
  7755 | D:4      | Found a hide-covered altar of Uskayaw.
  7756 | D:4      | Found a broken altar of Ashenzari.
  7756 | D:4      | Found a hazy altar of Hepliaklqana.
  8177 | D:4      | Found a sacrificial altar of Ru.
  8279 | D:4      | Became a worshipper of Hepliaklqana the Forgotten
  8388 | D:5      | Entered Level 5 of the Dungeon
  8529 | D:5      | Noticed a troll
  8783 | D:5      | Reached skill level 1 in Armour
  9107 | D:5      | Reached XP level 8. HP: 38/56 MP: 0/0
  9339 | D:5      | Killed a troll
  9340 | D:5      | Reached skill level 6 in Spellcasting
  9573 | D:5      | Found a staircase to the Ecumenical Temple.
  9731 | D:5      | Found a basalt altar of Yredelemnul.
  9944 | D:6      | You are sucked into a shaft and drop 2 floors!
 10058 | D:8      | Reached * piety under Hepliaklqana
 10192 | D:8      | Noticed Grum
 10195 | D:8      | Noticed Maggie
 10197 | D:8      | Slain by Grum

Illustrated notes

Levels and vault maps discovered:
D:1:      lightli_arrival_farm, layout_basic
D:2:      layout_basic, minmay_strange_pillars, uniq_natasha
D:3:      layout_loops_ring, cheibrodos_worm_habitat, portal_sewer_entry_d,
          uniq_jessica
D:4:      layout_cave_pools, lemuel_round_altar,
          chequers_temple_overflow_statue_of_worship
D:5:      layout_cave_pools, mainiacjoe_overflow_chevrons, temple_pool_b,
          amcnicky_mini_corridor_feature, minmay_manual_monolith
D:6:      layout_cave_pods, nicolae_ossuary_entry_giza
D:8:      layout_layer_cave, eino_small_chamber_without_monster,
          hangedman_decor_lopped, uniq_erica, uniq_maggie, uniq_grum

Skill      XL: |  1  2  3  4  5  6  7  8 |
---------------+-------------------------+-----
Fighting       | 1 2 3 4 |  4.1
Spellcasting   | 3 4 5 6 |  6.8
Dodging        | 3 |  3.7
Armour         | 1 2 |  2.8
Stealth        | |  1.5

Action                   |  1- 3 |  4- 6 |  7- 9 || total
-------------------------+-------+-------+-------++-------
Melee: Dagger            |       |       |     1 ||     1
 Cast: Magic Dart        |    75 |   174 |   170 ||   419
       Slow              |       |     2 |       ||     2
       Blink             |       |     6 |     4 ||    10
       Call Imp          |       |     1 |       ||     1
       Searing Ray       |       |    28 |    34 ||    62
       Mephitic Cloud    |       |       |     1 ||     1
  Use: Scroll            |       |     6 |     1 ||     7
Armor: Robe              |     2 |    16 |    10 ||    28
       Ring mail         |       |       |     5 ||     5
Dodge: Dodged            |     9 |    34 |    56 ||    99

Table legend: (Time is in decaauts)
 A = Elapsed time spent in this place.
 B = Non-inter-level travel time spent in this place.
 C = Inter-level travel time spent in this place.
 D = Time resting spent in this place.
 E = Time spent auto-exploring this place.
 F = Levels seen in this place.
 G = Mean time per level.
                   A        B        C        D        E       F      G
               +--------+--------+--------+--------+--------+-----+--------+
         Total |  10205 |   9800 |    405 |   2633 |   5629 |   8 | 1275.6 |
       Dungeon |   6778 |   6373 |    405 |   1770 |   3749 |   7 |  968.3 |
         Sewer |   3426 |   3426 |      0 |    863 |   1880 |   1 | 3426.0 |
               +--------+--------+--------+--------+--------+-----+--------+

Top non-repeatable levels by time:
   Sewer: 3426 daAuts
     D:2: 1724 daAuts
     D:4: 1476 daAuts
     D:3: 1309 daAuts
     D:1: 1119 daAuts
     D:5: 880 daAuts
     D:8: 252 daAuts
     D:6: 15 daAuts
